 Dungeon Crawl Stone Soup version 0.30-a0-475-g03497ec522 (webtiles) character file.

Game seed: 17157437014829103365

28 FakeRyeBread the Covered (level 2, -3/27 HPs)
             Began as an Armataur Fighter on Dec 21, 2022.
             Slain by a kobold
             ... wielding a +0 short sword
              (4 damage)
             ... on level 2 of the Dungeon.
             The game lasted 00:02:14 (1115 turns).

FakeRyeBread the Covered (Armataur Fighter)         Turns: 1115, Time: 00:02:15

Health: -3/27      AC:  6    Str: 21    XL:     2   Next: 96%
Magic:  2/2        EV:  7    Int:  8    God:
Gold:   84         SH:  4    Dex:  9    Spells: 1/1 levels left

rFire   . . .      SeeInvis .    a - +0 flail
rCold   . . .      Faith    .    c - +0 buckler
rNeg    . . .      Spirit   .    b - +0 scale mail
rPois   .          Reflect  .    (no helmet)
rElec   .          Harm     .    (no cloak)
rCorr   .          Roll     +    (no gloves)
Will    .....                    (no barding)
Stlth   ..........               (no amulet)
HPRegen 0.24/turn                (no ring)
MPRegen 0.08/turn                (no ring)

@: no status effects
A: large, rugged brown scales 3, deformed body, armoured tail, roll, long
tongue, awkward tongue
a: no special abilities


You were on level 2 of the Dungeon.
You visited 1 branch of the dungeon, and saw 2 of its levels.

You collected 84 gold pieces.

Inventory:

Hand Weapons
 a - a +0 flail (weapon)
Armour
 b - a +0 scale mail (worn)
 c - a +0 buckler (worn)
Scrolls
 i - 3 scrolls of fear {unknown}
 j - a scroll of magic mapping {unknown}
 k - a scroll of vulnerability {unknown}
Potions
 d - a potion of might
 e - a potion of lignification {unknown}
 f - a potion of flight {unknown}
 g - a potion of curing {unknown}
 h - a potion of cancellation {unknown}


   Skills:
 + Level 3.2 Fighting
 + Level 2.5 Maces & Flails
 - Level 3.6 Armour
 - Level 3.2 Shields


You had one spell level left.
You didn't know any spells.
Your spell library was empty.

Dungeon Overview and Level Annotations

Branches:
Dungeon (2/15)

Altars:


Innate Abilities, Weirdness & Mutations

You are completely covered in rugged brown scales. (AC +3, +7% HP)
Armour fits poorly on your strangely shaped body.
You have a long armoured tail.
You roll when moving toward enemies. (Rampage)
Your long tongue fully drains potion bottles. (2x potion effects)
Your tongue gives you trouble enunciating. (1.5x scroll delay)


Message History

The kobold closely misses you.
The kobold hits something with a +0 short sword.
The kobold attacks as you move away! You block the kobold's attack.
You block the goblin's attack.
You sock the kobold!
You kill the kobold!
The goblin closely misses you.
You closely miss the kobold. The goblin hits you but does no damage.
The kobold hits you but does no damage.
You sock the kobold!
You kill the kobold!
You block the goblin's attack.
You thump the kobold!
You kill the kobold!
The goblin hits you but does no damage. The goblin closely misses you.
The kobold hits you with a +0 short sword.
You hit the kobold but do no damage. The kobold hits you but does no damage.
The goblin hits you but does no damage.
You closely miss the kobold. The goblin hits you but does no damage.
The kobold hits you but does no damage.
You miss the kobold. The goblin hits you but does no damage.
The kobold hits you with a +0 short sword.
The kobold barely misses you. The goblin hits you with a +0 club.
You closely miss the kobold.
Your tail-slap misses the kobold.
The kobold hits you with a +0 short sword.
The goblin hits you but does no damage.
You hit the kobold but do no damage. You block the goblin's attack.
The kobold hits you but does no damage.
You barely miss the kobold. The goblin closely misses you.
The kobold hits you with a +0 short sword.
The kobold hits you but does no damage. The goblin hits you with a +0 club.
You closely miss the kobold.
The kobold hits you with a +0 short sword.
* * * LOW HITPOINT WARNING * * *
The goblin hits you with a +0 club.
* * * LOW HITPOINT WARNING * * *
You barely miss the kobold. The goblin hits you with a +0 club.
* * * LOW HITPOINT WARNING * * *
The kobold hits you with a +0 short sword.
You die... ♣.$.....♣ ♣..§§...♣ ......~ #.÷...P♣ . #..
P.$.PP .# #..# P.PP

.#### #..## ###.# ###.
....# #...## #@K.##.....
....# #....# ##g....#
....# #..#####.##.....
....# #........# ...?
.†..# #.#..#.........<
....## #..(.#.###......
.....# ##...............
.....#####...##......)...
.............##...###....


You could see a goblin and a kobold.

Vanquished Creatures
  An adder (D:2)
  A bat (D:2)
  A goblin (D:2)
  2 hobgoblins (D:2)
  2 jackals (D:2)
  6 kobolds
  2 ball pythons
  3 frilled lizards
  A rat (D:1)
19 creatures vanquished.

Vanquished Creatures (others)
  4 plants (D:2)
4 creatures vanquished.

Grand Total: 23 creatures vanquished

Notes
Turn   | Place    | Note
-------+----------+-------------------------------------------
     0 | D:1      | FakeRyeBread the Armataur Fighter began the quest for the
                  | Orb.
     0 | D:1      | Reached XP level 1. HP: 19/19 MP: 1/1
   326 | D:1      | Found a faded altar of an unknown god.
   928 | D:2      | Reached XP level 2. HP: 22/27 MP: 2/2
  1115 | D:2      | HP: 1/27 [goblin/+0 club (2)]
  1115 | D:2      | Slain by a kobold

Illustrated notes

Levels and vault maps discovered:
D:1:      dpeg_arrival_ternary, layout_basic, basic_ecumenical_altar
D:2:      layout_rooms, lexackson_kobold_supper

Skill      XL: |  1 |
---------------+----+-----
Maces & Flails | 2 |  2.5
Fighting       | 3 |  3.2
Armour         | |  3.6
Shields        | |  3.2

Action                   || total
-------------------------++-------
Melee: Flail             ||    64
       Tailslap          ||     2
Armor: Scale mail        ||    43
Dodge: Dodged            ||    29
Block: Buckler           ||    23

Table legend: (Time is in decaauts)
 A = Elapsed time spent in this place.
 B = Non-inter-level travel time spent in this place.
 C = Inter-level travel time spent in this place.
 D = Time resting spent in this place.
 E = Time spent auto-exploring this place.
 F = Levels seen in this place.
 G = Mean time per level.
                   A        B        C        D        E       F      G
               +--------+--------+--------+--------+--------+-----+--------+
         Total |   1135 |    915 |    220 |     55 |    700 |   2 |  567.5 |
       Dungeon |   1135 |    915 |    220 |     55 |    700 |   2 |  567.5 |
               +--------+--------+--------+--------+--------+-----+--------+

Top non-repeatable levels by time:
     D:1: 904 daAuts
     D:2: 231 daAuts
